 Dungeon Crawl Stone Soup version 0.18.1-8-gdd0e5ea (webtiles) character file.

36 Firecrotchwizard the Skirmisher (level 3, -14/34 HPs)
             Began as a Minotaur Berserker on June 12, 2016.
             Was a Believer of Trog.
             Demolished by a gnoll
             ... wielding a +0 halberd
              (17 damage)
             ... on level 2 of the Dungeon.
             The game lasted 00:05:28 (811 turns).

Firecrotchwizard the Skirmisher (Minotaur Berserker) Turns: 811, Time: 00:05:29

Health: -14/34     AC:  5    Str: 21    XL:     3   Next: 19%
Magic:  2/2        EV: 11    Int: -1    God:    Trog [**....]
Gold:   94         SH:  0    Dex: 10    Spells: 0 memorised, 2 levels left

rFire  . . .     SeeInvis .     e - +2 short sword (elec)
rCold  . . .     Gourm    .     g - +0 ring mail
rNeg   . . .     Faith    .     (no shield)
rPois  .         Spirit   .     (helmet restricted)
rElec  .         Dismiss  .     (no cloak)
rCorr  .         Reflect  .     (no gloves)
SustAt .         Harm     +     (no boots)
MR     .....                    m - amulet of harm
Stlth  ..........               (no ring)
                                q - -5 ring of intelligence (curse)

@: slowed, lost intelligence, very slow, not resistant to hostile enchantments,
extremely unstealthy
A: retaliatory headbutt, horns 2
a: Berserk, Trog's Hand, Burn Spellbooks, Renounce Religion


You were on level 2 of the Dungeon.
You worshipped Trog.
Trog was pleased with you.
You were not hungry.

You visited 1 branch of the dungeon, and saw 2 of its levels.

You collected 94 gold pieces.

Inventory:

Hand Weapons
 a - a +0 mace
 e - a +2 short sword of electrocution (weapon)
Armour
 b - a +0 animal skin
 g - a +0 ring mail (worn)
Jewellery
 m - an amulet of harm (around neck)
 q - a cursed -5 ring of intelligence (left hand)
Scrolls
 d - a scroll of blinking {unknown}
 f - a scroll of immolation {unknown}
 i - a scroll of random uselessness {unknown}
 j - a scroll of enchant armour {unknown}
 o - a scroll of fear {unknown}
 p - a scroll of teleportation {unknown}
 r - a scroll of recharging {unknown}
 s - a scroll of enchant weapon {unknown}
Potions
 k - a potion of brilliance {unknown}
 l - a potion of heal wounds {unknown}
 n - a potion of mutation {unknown}
Comestibles
 c - 3 bread rations
 h - a meat ration


   Skills:
 + Level 4.4 Fighting
 + Level 3.9 Maces & Flails
 + Level 3.2 Armour
 + Level 2.3 Dodging


You had 2 spell levels left.
You didn't know any spells.

Dungeon Overview and Level Annotations

Branches:
Dungeon (2/15)

Altars:


Innate Abilities, Weirdness & Mutations

You reflexively headbutt those who attack you in melee.
You have a pair of horns on your head.


Message History

The gnoll hits you from afar with a halberd!
You hit the gnoll. Your headbutt misses the gnoll.
The gnoll is moderately wounded.
The gnoll closely misses you. You furiously retaliate!
You headbutt the gnoll!
You kill the gnoll!
Trog accepts your kill.
You can now call upon Trog for regeneration and protection from hostile enchantments.
You have reached level 3!
Your experience leads to an increase in your attributes!
Your base attributes are Str 21, Int 4, Dex 9.
Increase (S)trength, (I)ntelligence, or (D)exterity?
You feel agile.
The gnoll hits you from afar with a halberd!
* * * LOW HITPOINT WARNING * * *
A kobold opens the door.
The gnoll hits you from afar with a halberd.
* * * LOW HITPOINT WARNING * * *
The gnoll completely misses you. The gnoll hits you with a halberd!
Ouch! That really hurt!
You die...

#.#...............
#.#.##..##.......#
#.#. ##.##.####..#
#.# .##.# #..# .
#.# ..#.# #..# ..
#.# #.#.# #..# ...
#.# .# #..# ....
#.# #... ..... #@#
#.## #...##g#
#g)gK# ##........#
#........#
#.....#### ......#
.......# .#######


You could see 2 gnolls and a kobold.

Vanquished Creatures
  A gnoll (D:2)
  An adder (D:2)
  A giant gecko (D:1)
  2 bats
  2 giant cockroaches
  A goblin (D:1)
  4 hobgoblins
  A ball python (D:2)
  A kobold (D:1)
  3 rats (D:2)
17 creatures vanquished.

Notes
Turn   | Place    | Note
--------------------------------------------------------------
     0 | D:1      | Firecrotchwizard the Minotaur Berserker began the quest for the Orb.
     0 | D:1      | Reached XP level 1. HP: 19/19 MP: 0/0
   429 | D:1      | Reached XP level 2. HP: 27/27 MP: 1/1
   566 | D:2      | Reached skill level 4 in Fighting
   610 | D:2      | Lost intelligence.
   807 | D:2      | Reached ** piety under Trog
   807 | D:2      | Reached XP level 3. HP: 18/34 MP: 2/2
   811 | D:2      | Demolished by a gnoll

Skill      XL: |  1  2 |
---------------+-------+-----
Fighting       | 4 |  4.4
Armour         | 3 |  3.2
Maces & Flails | |  3.9
Dodging        | |  2.3

Action                   || total
-------------------------++-------
Melee: Short sword       ||    30
       Mace              ||     2
       Headbutt          ||     2
Armor: Ring mail         ||    19
Dodge: Dodged            ||    22
